 Dungeon Crawl Stone Soup version 0.31.0-9-g3a7656b989 (webtiles) character file.

Game seed: 331629658256921342

4020 DemonSlayer the Digger (level 10, -7/68 HPs)
             Began as a Demonspawn Earth Elementalist on Jan 24, 2024.
             Was a Priest of Dithmenos.
             Mangled by an orc knight
             ... wielding a +3 war axe
              (15 damage)
             ... in a bailey.
             The game lasted 00:20:19 (7450 turns).

DemonSlayer the Digger (DsEE)                       Turns: 7450, Time: 00:20:19

Health: -7/68      AC:  7    Str:  8    XL:     10   Next: 3%
Magic:  2/29       EV: 13    Int: 17    God:    Dithmenos [***...]
Gold:   122        SH:  0    Dex: 17    Spells: 11/22 levels left

rFire   . . .        m - +9 scythe (venom)
rCold   . . .        (shield currently unavailable)
rNeg    . . .        E - +0 toga "Victory" {*Victory Clar}
rPois   .            A - +2 hat
rElec   .            d - +0 cloak
rCorr   .            (no gloves)
SInv    .            (no boots)
Will    .....        n - amulet of regeneration
Stlth   ++++         p - +4 ring of slaying
HPRegen 1.11/turn    k - ring of magical power
MPRegen 0.21/turn

%: clarity
@: very slightly contaminated, wreathed by umbra
A: slimy green scales 1, demonic guardian 1, ignite blood 3, demonic touch 1
a: Renounce Religion, Shadow Step


You were in a bailey.
You worshipped Dithmenos.
Dithmenos was most pleased with you.
You visited 1 branch of the dungeon, and saw 7 of its levels.
You also visited: Bailey.

You collected 410 gold pieces.
You spent 288 gold pieces at shops.

Inventory:

Hand Weapons
 j - a +0 dagger
 m - a +9 scythe of venom (weapon)
Missiles
 o - 3 throwing nets
Armour
 d - a +0 cloak (worn)
 v - a +2 robe of positive energy
 A - a +2 hat (worn)
 E - the +0 toga "Victory" (worn) {*Victory Clar}
   (You found it on level 6 of the Dungeon)

   *Victory:  When the wearer kills a threatening monster, it has a chance to
   gain +1 AC, +1 Slay, and +1 Int, capping at +7.
   When the wearer uses a scroll or a potion with a hostile monster in sight,
   its bonuses reset to +0.
   Unequipping it also resets its bonuses to +0.
   Clar:      It protects you from confusion, rage, mesmerisation and fear.
Jewellery
 k - a ring of magical power (right hand)
 n - an amulet of regeneration (around neck)
 p - a +4 ring of slaying (left hand)
 r - an amulet of magic regeneration
 C - a ring of fire
Talismans
 D - a granite talisman
Wands
 e - a wand of flame (10)
 f - a wand of polymorph (3)
Scrolls
 a - 2 scrolls of teleportation {unknown}
 i - a scroll of vulnerability {unknown}
 l - 2 scrolls of enchant armour {unknown}
 u - a scroll of fear {unknown}
 w - 2 scrolls of poison {unknown}
 x - 2 scrolls of revelation {unknown}
 y - a scroll of blinking {unknown}
 z - a scroll of noise {unknown}
 F - a scroll of immolation {unknown}
 I - 2 scrolls of butterflies {unknown}
Potions
 b - a potion of magic
 c - 2 potions of berserk rage
 g - a potion of cancellation
 h - 3 potions of resistance
 q - 5 potions of curing
 s - 2 potions of heal wounds
 t - 4 potions of mutation
 B - a potion of brilliance {unknown}
 G - a potion of haste {unknown}


   Skills:
 + Level 2.5 Fighting
 + Level 0.3 Short Blades
 + Level 4.5 Polearms
 + Level 3.1 Dodging
 + Level 5.5 Stealth
 + Level 6.7 Spellcasting
 + Level 5.8 Conjurations
 + Level 7.3 Earth Magic


You had 11 spell levels left.
You knew the following spells:

 Your Spells              Type           Power      Damage    Failure   Level
a - Sandblast             Erth           60%        2d14      1%          1
b - Stone Arrow           Conj/Erth      56%        3d10      2%          3
c - Passwall              Erth           30%        N/A       1%          3
d - Brom's Barrelling Bo  Conj/Erth      28%        2d5       8%          4

Your spell library contained the following spells:

 Spells                   Type           Power      Damage    Failure   Level
 Kiss of Death            Conj/Necr      60%        2d10      3%          1
 Slow                     Hex            20%        N/A       12%         1
 Call Imp                 Summ           10%        N/A       19%         2
 Jinxbite                 Hex            10%        N/A       19%         2
 Scorch                   Fire           10%        2d5       19%         2
 Sublimation of Blood     Necr           5%         N/A       19%         2
 Petrify                  Alch/Erth      18%        N/A       26%         4
 Confusing Touch          Hex            5%         N/A       34%         3
 Sigil of Binding         Hex            5%         N/A       34%         3
 Vampiric Draining        Necr           5%         2d6       34%         3
 Flame Wave               Conj/Fire      15%        2d7       34%         4
 Dispel Undead            Necr           5%         3d7       75%         4
 Yara's Violent Unravell  Hex/Alch       2%         3d3       97%         5
 Summon Cactus Giant      Summ           2%         N/A       100%        6
 Enfeeble                 Hex            2%         N/A       100%        7
 Summon Hydra             Summ           2%         N/A       100%        7


Dungeon Overview and Level Annotations

Branches:
Dungeon (7/15)             Bailey (1/1)
 Temple: D:4-7

Altars:
Cheibriados
Dithmenos
Gozag
Kikubaaqudgha
Makhleb
Okawaru
Sif Muna
Trog
Uskayaw
Vehumet
Wu Jian

Shops:
D:3 [


Innate Abilities, Weirdness & Mutations

You are partially covered in slimy green scales. (AC +2)
A weak demonic guardian rushes to your aid.
Your demonic aura causes all spilled blood to erupt in flames.
Your touch may inflict minor irresistible damage on your foes.


Message History

The stone arrow hits the orc knight!
The orc knight is moderately wounded.
The orc knight is engulfed in blazing flames.
The orc knight hits you with a +3 war axe.
The orc knight hits your iron imp with a +3 war axe!!
Your iron imp dies!
Your iron imp disappears in a puff of smoke!
The orc warlord is engulfed in blazing flames.
The stone arrow hits the orc knight.
The orc knight is moderately wounded.
You miscast Stone Arrow.
You are very lightly contaminated with residual magic.
Nothing appears to happen.
The stone arrow hits the orc warlord.
The orc warlord is lightly wounded.
The orc warlord is engulfed in blazing flames.
The orc knight is engulfed in blazing flames.
You miscast Stone Arrow.
Nothing appears to happen.
The orc warlord misses you.
The orc knight hits you with a +3 war axe!
The stone arrow hits the orc warlord.
The orc warlord is moderately wounded.
The orc warrior no longer looks unusually strong.
The orc knight no longer looks unusually strong.
The orc warlord is engulfed in blazing flames.
The orc warlord roars a battlecry!
The orcs go into a battle-frenzy!
The stone arrow hits the orc knight but does no damage.
The orc knight is heavily wounded.
The orc warlord is engulfed in blazing flames.
The orc knight hits you with a +3 war axe!!!
Ouch! That really hurt!
* * * LOW HITPOINT WARNING * * *
You emit a cloud of dark smoke.
Okay, then.
You feel much better.
The +0 toga "Victory" stops glowing.
The orc warlord hits you with a +3 battleaxe!!
* * * LOW HITPOINT WARNING * * *
The orc knight hits you with a +3 war axe!
You die...

##)....##.........##.....##
#.......#.........#.......#
##.......##.......##.......##
#.........# ....) #.........#
#...).)...## )o. ##.........##
.....⌠.....###g###.....⌠.....#
#...).....##88☼88##.........##
#.........#...°o§§#...))....#
##.......##....o@§##...)...##
#....)..)))...☼§§.')..)...#
##)..).##)).......##.)...##
#######.....⌠.....#######
##.........## #.........#
##.......## #.......#
##..∩..##


You could see an orc warlord (strong), an orc knight (strong), an orc warrior
(strong) and a goblin.

Vanquished Creatures
  Jeremiah (D:6)
  Sigmund (D:2)
  A vampire (D:6)
  2 water moccasins (D:6)
  A sky beast (D:6)
  An ice beast (D:6)
  6 ogres
  12 orc warriors
  A phantom (D:5)
  2 scorpions
  6 wights (D:6)
  2 bombardier beetles
  A gnoll bouda (D:6)
  An orc priest (D:6)
  2 jellies
  Crazy Yiuf (D:3)
  3 hounds
  Ijyb (D:3)
  2 sleepcaps
  Jessica (D:2)
  5 orc wizards (D:6)
  Natasha (twice) (D:2)
  4 adders
  17 gnolls
  2 white imps
  3 dart slugs
  2 ribbon worms
  27 orcs
  6 ball pythons
  5 bats
  6 endoplasms
  A giant cockroach (D:1)
  16 goblins
  11 hobgoblins
  4 jackals (D:5)
  7 kobolds
  2 quokkas
  2 frilled lizards
  6 rats
176 creatures vanquished.

Notes
Turn   | Place    | Note
-------+----------+-------------------------------------------
     0 | D:1      | DemonSlayer the Demonspawn Earth Elementalist began the
                  | quest for the Orb.
     0 | D:1      | Reached XP level 1. HP: 13/13 MP: 3/3
   307 | D:1      | Gained mutation: Your demonic aura sometimes causes spilled
                  | blood to erupt in flames. [demonic ancestry]
   307 | D:1      | Reached XP level 2. HP: 19/19 MP: 3/5
   337 | D:1      | Reached skill level 3 in Earth Magic
   499 | D:1      | You fall into a shaft and drop 1 floor!
   594 | D:2      | Noticed Jessica
   609 | D:2      | Killed Jessica
   610 | D:2      | Gained mutation: You are partially covered in slimy green
                  | scales. (AC +2) [demonic ancestry]
   610 | D:2      | Reached XP level 3. HP: 13/24 MP: 0/6
  1087 | D:2      | Noticed Sigmund
  1096 | D:2      | Killed Sigmund
  1097 | D:2      | Reached skill level 4 in Earth Magic
  1097 | D:2      | Gained mutation: Your demonic aura often causes spilled
                  | blood to erupt in flames. [demonic ancestry]
  1097 | D:2      | Reached XP level 4. HP: 30/30 MP: 6/9
  1097 | D:2      | Reached XP level 5. HP: 35/35 MP: 6/10
  1357 | D:2      | Noticed Natasha
  1360 | D:2      | Killed Natasha
  1412 | D:2      | Noticed Natasha
  1414 | D:2      | Killed Natasha
  1415 | D:2      | Reached skill level 5 in Earth Magic
  1665 | D:2      | Learned a level 3 spell: Stone Arrow
  1669 | D:2      | Learned a level 3 spell: Passwall
  1702 | D:3      | Noticed Ijyb
  1713 | D:3      | Killed Ijyb
  1714 | D:3      | Gained mutation: Your touch may inflict minor irresistible
                  | damage on your foes. [demonic ancestry]
  1714 | D:3      | Reached XP level 6. HP: 24/41 MP: 11/11
  1795 | D:3      | Identified the +2 sling "Jellybane" {flame, rN+ Int+3}
  2003 | D:3      | Found a burning altar of Makhleb.
  2049 | D:3      | Found a snail-covered altar of Cheibriados.
  2310 | D:3      | Found Axenn's Antique Armour Emporium.
  2317 | D:3      | Bought a glowing robe for 99 gold pieces
  2626 | D:3      | Found a runed translucent door.
  2627 | D:3      | Noticed Crazy Yiuf
  2635 | D:3      | Killed Crazy Yiuf
  2636 | D:3      | Reached skill level 1 in Polearms
  2835 | D:4      | Reached XP level 7. HP: 47/47 MP: 12/12
  2881 | D:4      | Reached skill level 1 in Fighting
  3144 | D:4      | Found a shadowy altar of Dithmenos.
  3172 | D:4      | Became a worshipper of Dithmenos the Shadowed
  3542 | D:4      | Learned a level 4 spell: Brom's Barrelling Boulder
  3591 | D:5      | Entered Level 5 of the Dungeon
  3693 | D:5      | Found a hide-covered altar of Uskayaw.
  3864 | D:5      | Reached * piety under Dithmenos
  3911 | D:5      | Gained mutation: Your demonic aura causes all spilled blood
                  | to erupt in flames. [demonic ancestry]
  3911 | D:5      | Reached XP level 8. HP: 54/54 MP: 14/14
  4245 | D:3      | Bought a runed hat for 189 gold pieces
  4588 | D:5      | Found an opulent altar of Gozag.
  4739 | D:6      | Noticed Jeremiah
  4745 | D:6      | Killed Jeremiah
  4746 | D:6      | Reached skill level 5 in Spellcasting
  4746 | D:6      | Reached skill level 6 in Earth Magic
  5054 | D:6      | Found an ornate altar of the Wu Jian Council.
  5521 | D:6      | Found a shimmering blue altar of Sif Muna.
  5531 | D:6      | Reached XP level 9. HP: 61/61 MP: 17/17
  5604 | D:6      | Found an ancient bone altar of Kikubaaqudgha.
  6058 | D:6      | Found a radiant altar of Vehumet.
  6094 | D:6      | Found an iron altar of Okawaru.
  6094 | D:6      | Found a runed translucent door.
  6099 | D:6      | Found the +0 toga "Victory" {*Victory Clar}
  6134 | D:6      | Found a bloodstained altar of Trog.
  6139 | D:6      | Reached ** piety under Dithmenos
  6321 | D:6      | Reached skill level 5 in Conjurations
  6415 | D:6      | Reached skill level 7 in Earth Magic
  6877 | D:7      | Found a flagged portal.
  6886 | Bailey   | Entered a bailey
  7147 | Bailey   | Reached skill level 5 in Stealth
  7153 | Bailey   | Reached *** piety under Dithmenos
  7325 | Bailey   | Gained mutation: A weak demonic guardian rushes to your
                  | aid. [demonic ancestry]
  7325 | Bailey   | Reached XP level 10. HP: 67/68 MP: 14/20
  7432 | Bailey   | Noticed an orc warlord
  7432 | Bailey   | Noticed an orc knight
  7450 | Bailey   | Mangled by an orc knight

Illustrated notes

Levels and vault maps discovered:
D:1:      minmay_arrival_cross, layout_loops_ring, kennysheep_flooded_box
D:2:      layout_basic, hangedman_decor_growths, uniq_jessica, uniq_natasha,
          uniq_sigmund
D:3:      layout_loops_cross, mainiacjoe_overflow_alcove_2,
          kennysheep_slug_shrine, serial_shops, nicolae_shop_peninsula,
          serial_rivers, chequers_serial_rivers_micro_d,
          chequers_serial_rivers_micro_d, chequers_serial_rivers_micro_d,
          chequers_serial_rivers_micro_d, chequers_serial_rivers_micro_c,
          st_stairs_14, nicolae_concentric_dashed_squares_wild, hex_large,
          uniq_ijyb, uniq_crazy_yiuf_cottage
D:4:      layout_basic, amcnicky_altar_gilded, serial_rivers,
          chequers_serial_rivers_micro_e, chequers_serial_rivers_micro_a,
          chequers_serial_rivers_room_a, chequers_serial_rivers_micro_e,
          chequers_serial_rivers_micro_a, chequers_serial_rivers_room_a,
          chequers_serial_rivers_small_a, grunt_tough_drop
D:5:      layout_rooms, grunt_gozag_breadcrumbs, mainiacjoe_overflow_boulevard,
          eat_drink_and_be_merry_uskayaw, minivault_27, minmay_hedge_maze
D:6:      layout_loops_cross, trog_hazing_becter, lemuel_coloured_pillars_altar,
          lemuel_doored_altar, lemuel_round_altar,
          nicolae_overflow_guarded_unrand_okawaru_victory, fiery_altar_vehumet,
          kennysheep_generic_room_10, uniq_jeremiah
D:7:      layout_loops_ring, minmay_temple_entry_waves, enter_bailey_7
Bailey:   bailey_axe_minmay_hex_keep, bailey

Skill      XL: |  1  2  3  4  5  6  7  8  9 |
---------------+----------------------------+-----
Earth Magic    | 3 4 5 6 7 |  7.3
Dodging        | 2 3 |  3.1
Stealth        | 2 3 4 5 |  5.5
Spellcasting   | 3 4 5 6 |  6.7
Polearms       | 1 2 3 4 |  4.5
Fighting       | 1 2 |  2.5
Conjurations   | 2 4 5 |  5.8
Short Blades   | |  0.3

Action                     |  1- 3 |  4- 6 |  7- 9 | 10-12 || total
---------------------------+-------+-------+-------+-------++-------
  Melee: Unarmed           |     2 |       |       |       ||     2
         Dagger            |     2 |       |       |       ||     2
         Halberd           |       |    44 |    70 |     5 ||   119
   Cast: Sandblast         |    32 |    21 |       |       ||    53
         Stone Arrow       |       |     6 |   136 |     8 ||   150
  Evoke: Wand              |       |       |       |     1 ||     1
    Use: Scroll            |       |     3 |    11 |       ||    14
         Potion            |       |       |       |     1 ||     1
   Stab: Sleeping          |     2 |     9 |    11 |       ||    22
         Distracted        |       |     1 |       |       ||     1
 Armour: Robe              |     6 |    15 |    47 |     7 ||    75
  Dodge: Dodged            |    11 |    24 |    43 |     2 ||    80
